 Dungeon Crawl Stone Soup version 0.31-a0-187-gba352fbbf7 (webtiles) character file.

Game seed: 14246574969871816826

237027 gelatine the Warrior (level 18, 0/176 HPs)
             Began as a Minotaur Fighter on June 21, 2023.
             Was the Champion of Jiyva.
             Drowned by a drowned soul (13 damage)
             ... summoned by a merfolk avatar
             ... on level 3 of the Shoals on June 22, 2023.
             The game lasted 02:22:17 (33265 turns).

gelatine the Warrior (Minotaur Fighter)            Turns: 33265, Time: 02:22:18

Health: 0/176      AC: 21    Str: 28    XL:     18   Next: 52%
Magic:  20/20      EV: 14    Int: 17    God:    Jiyva [******]
Gold:   3763       SH: 22    Dex:  7    Spells: 17/21 levels left

rFire   + . .        x - +9 war axe (flame)
rCold   + . .        q - +3 tower shield of the Loving Gods {Int+4}
rNeg    . . .        A - +1 troll leather armour
rPois   .            X - +2 hat
rElec   .            H - +2 cloak
rCorr   +            F - +1 pair of gloves
SInv    .            p - +2 pair of boots {Stlth+}
Will    ++...        h - amulet of regeneration
Stlth   +            S - +4 ring of protection
HPRegen 6.09/turn    y - ring of Ysam {rF+ rC+ Will+}
MPRegen 0.67/turn

%: no passive effects
@: lit by a corona, mesmerised, glowing, very slow
A: horns 2, retaliatory headbutt, clever 2, regeneration 3, acidic bite,
eyeballs 1, pseudopods 2, evolution 2, engulf
}: 2/15 runes: serpentine, slimy
a: Renounce Religion, Oozemancy, Slimify


You were on level 3 of the Shoals.
You worshipped Jiyva.
Jiyva was exalted by your worship.
You visited 8 branches of the dungeon, and saw 36 of its levels.
You visited 1 bazaar.
You also visited: Ice Cave and Volcano.

You collected 4746 gold pieces.
You spent 983 gold pieces at shops.

Inventory:

Hand Weapons
 x - a +9 war axe of flaming (weapon)
 B - the +4 mace "Starlight" {heavy, Int+4 SInv}
   (You took it off a kobold brigand on level 11 of the Dungeon)

   Int:       It affects your intelligence (+4).
   SInv:      It lets you see invisible.
 M - a +1 broad axe of freezing
 P - the +0 hand axe of Defiance {heavy, rElec rF+}
   (You found it on level 9 of the Dungeon)

   rF:        It protects you from fire.
   rElec:     It insulates you from electricity.
 Y - a +1 broad axe of flaming
Missiles
 k - 6 silver javelins
 l - 2 curare-tipped darts
 E - 4 javelins
 U - 13 boomerangs (quivered)
Armour
 p - a +2 pair of boots of stealth (worn)
 q - the +3 tower shield of the Loving Gods (worn) {Int+4}
   (You bought it in a shop in a bazaar)

   Int:       It affects your intelligence (+4).
 r - a +0 kite shield of positive energy
 A - a +1 troll leather armour (worn)
 F - a +1 pair of gloves (worn)
 G - a +0 cloak of fire resistance
 H - a +2 cloak (worn)
 K - a +3 plate armour of cold resistance
 R - a +2 robe of the Archmagi
 X - a +2 hat (worn)
Jewellery
 c - the ring "Usimu" {rC+ rCorr}
   (You found it on level 5 of the Lair of Beasts)

   [ring of protection from cold]

   rC:        It protects you from cold.
   rCorr:     It protects you from acid and corrosion.
 g - the ring "Pet Cibo" {rC++ AC+4 Int-5 Dex+4}
   (You found it on level 2 of the Orcish Mines)

   [ring of protection]

   AC:        It affects your AC (+4).
   Int:       It affects your intelligence (-5).
   Dex:       It affects your dexterity (+4).
   rC:        It greatly protects you from cold.
 h - an amulet of regeneration (around neck)
 i - the amulet of Zejeir {Acrobat Str+3 Int-4 Stlth+}
   (You found it in an ice cave)

   [amulet of the acrobat]

   It increases your evasion while moving and waiting.
   Str:       It affects your strength (+3).
   Int:       It affects your intelligence (-4).
   Stlth:     It makes you more stealthy.
 m - the ring of Ymoit {MP+9 Int+5}
   (You found it on level 2 of the Orcish Mines)

   [ring of magical power]

   Int:       It affects your intelligence (+5).
   MP:        It affects your magic capacity (+9).
 s - an amulet of the acrobat
 t - the ring "Nucwuy" {*Slow rElec rPois MP+9 Str+7}
   (You found it on level 4 of the Snake Pit)

   [ring of magical power]

   Str:       It affects your strength (+7).
   rElec:     It insulates you from electricity.
   rPois:     It protects you from poison.
   MP:        It affects your magic capacity (+9).
   *Slow:     It may slow you when you take damage.
 y - the ring of Ysam (right hand) {rF+ rC+ Will+}
   (You found it on level 5 of the Pits of Slime)

   [ring of protection from fire]

   rF:        It protects you from fire.
   rC:        It protects you from cold.
   Will:      It increases your willpower.
 z - the amulet of the Delightful God {RegenMP rC+ rCorr}
   (You found it in an ice cave)

   [amulet of magic regeneration]

   It increases your rate of magic regeneration.
   rC:        It protects you from cold.
   rCorr:     It protects you from acid and corrosion.
 D - a ring of poison resistance
 N - a +4 ring of protection
 S - a +4 ring of protection (left hand)
 T - a ring of positive energy
Wands
 C - a wand of quicksilver (8)
 O - a wand of iceblast (17)
Scrolls
 b - 5 scrolls of vulnerability
 e - 2 scrolls of fear
 j - a scroll of silence
 u - a scroll of fog
 v - 5 scrolls of teleportation
 w - 5 scrolls of revelation
 L - 3 scrolls of poison
 W - 2 scrolls of torment
 Z - 2 scrolls of brand weapon
Potions
 a - a potion of might
 f - 7 potions of curing
 n - 2 potions of ambrosia
 o - a potion of resistance
 I - a potion of invisibility
 V - 2 potions of enlightenment
Miscellaneous
 d - a tin of tremorstones (1/2)
 J - a lightning rod (inert)


   Skills:
 * Level 19.3 Fighting
 + Level 16.6 Axes
 + Level 8.5 Throwing
 * Level 15.4 Armour
 * Level 14.8 Dodging
 + Level 3.5 Stealth
 * Level 19.3 Shields
 * Level 2.4 Spellcasting
 * Level 2.8 Translocations
 + Level 6.0 Evocations


You had 17 spell levels left.
You knew the following spells:

 Your Spells              Type           Power      Damage    Failure   Level
a - Passage of Golubria   Tloc           11%        N/A       71%         4

Your spell library contained the following spells:

 Spells                   Type           Power      Damage    Failure   Level
 Freeze                   Ice            8%         1d3       32%         1
 Kiss of Death            Conj/Necr      8%         2d6       32%         1
 Magic Dart               Conj           8%         1d3       32%         1
 Sandblast                Erth           4%         2d4       32%         1
 Slow                     Hex            8%         N/A       32%         1
 Summon Small Mammal      Summ           8%         N/A       32%         1
 Cigotuvi's Dreadful Rot  Necr/Pois/Air  4%         N/A       45%         2
 Ensorcelled Hibernation  Hex/Ice        4%         N/A       45%         2
 Scorch                   Fire           4%         2d5       45%         2
 Searing Ray              Conj           4%         2d4       45%         2
 Portal Projectile        Hex/Tloc       12%        N/A       50%         3
 Call Canine Familiar     Summ           2%         N/A       69%         3
 Hailstorm                Conj/Ice       2%         3d3       69%         3
 Ignite Poison            Fire/Tmut/Pois 2%         N/A       69%         3
 Inner Flame              Hex/Fire       2%         N/A       69%         3
 Summon Guardian Golem    Hex/Summ       2%         N/A       69%         3
 Flame Wave               Conj/Fire      2%         2d4       97%         4
 Fulminant Prism          Conj/Hex       1%         3d5       97%         4
 Ice Form                 Ice/Tmut       2%         N/A       97%         4
 Leda's Liquefaction      Hex/Erth       1%         N/A       97%         4
 Freezing Cloud           Conj/Ice/Air   1%         6-21      100%        5
 Silence                  Hex/Air        1%         N/A       100%        5
 Yara's Violent Unravell  Hex/Tmut       1%         3d3       100%        5
 Simulacrum               Ice/Necr       1%         N/A       100%        6
 Summon Cactus Giant      Summ           1%         N/A       100%        6
 Enfeeble                 Hex            1%         N/A       100%        7
 Malign Gateway           Summ/Tloc      3%         N/A       100%        7
 Ozocubu's Refrigeration  Ice            1%         4d7       100%        7
 Storm Form               Tmut/Air       1%         N/A       100%        7
 Discord                  Hex            1%         N/A       100%        8
 Lehudib's Crystal Spear  Conj/Erth      1%         10d2      100%        8
 Maxwell's Capacitive Co  Air            1%         ∞         100%        8
 Summon Horrible Things   Summ           1%         N/A       100%        8
 Polar Vortex             Ice            1%         N/A       100%        9


Dungeon Overview and Level Annotations

Branches:
Dungeon (15/15)            Temple (1/1) D:7            Lair (5/5) D:8
 Shoals (3/4) Lair:2        Snake (4/4) Lair:2        Slime (5/5) Lair:4
    Orc (2/2) D:12            Elf (1/3) Orc:2        Vaults (0/5) D:14
 Depths (0/4) D:15          IceCv (visited)         Volcano (visited)

Altars:
Ashenzari
Cheibriados
Dithmenos
Elyvilon
Fedhas
Gozag
Hepliaklqana
Kikubaaqudgha
Makhleb
Nemelex Xobeh
Okawaru
Qazlal
Ru
Sif Muna
Trog
Uskayaw
Vehumet
Wu Jian
Xom
Yredelemnul
Zin
The Shining One
Jiyva

Shops:
D:9 :   Orc:2 [::*   Elf:1 (   Shoals:2 :   Snake:1 (:=:   Snake:2 **[
Snake:4 =

Portals:
Trove: D:15 (give 5 scrolls of blinking)

Annotations:
D:8 Grum, Joseph
Slime:2 Dissolution
Slime:5 Royal Jelly


Innate Abilities, Weirdness & Mutations

You have a pair of horns on your head.
You reflexively headbutt those who attack you in melee.
Your mind is very acute. (Int +8, Str/Dex -2)
You regenerate.
You have acidic saliva.
Your body has grown eyes which may confuse attackers. (Acc +3)
Armour fits poorly on your large pseudopods.
You have great hidden genetic potential.
Your melee attacks may engulf your foes in ooze.


Message History

* * * LOW HITPOINT WARNING * * *
The merfolk avatar chants its luring song.
Aiming: Thunderbolt
Press: ? - help, Q - select action, (/) - cycle Shift-Dir - straight line, f/p - merfolk javelineer
Aim: a merfolk javelineer, wielding a +3 spear of venom, wearing a +0 leather armour and quivering javelins (moderately wounded)
The thunderbolt hits the merfolk javelineer!
The merfolk javelineer is heavily wounded.
The lightning rod overheats!
The merfolk javelineer throws a javelin.
The javelin pierces through you.
* * * LOW HITPOINT WARNING * * *
The merfolk avatar chants its luring song.
Aiming: Quicksilver Bolt
Press: ? - help, Q - select action, (/) - cycle Shift-Dir - straight line, f/p - merfolk javelineer
Aim: a merfolk javelineer, wielding a +3 spear of venom, wearing a +0 leather armour and quivering javelins (heavily wounded, 67% to hit)
The bolt of dispelling energy hits the merfolk javelineer!!
The merfolk javelineer is severely wounded.
The merfolk javelineer throws a javelin.
The javelin pierces through you but does no damage.
The merfolk avatar chants its luring song.
Unknown command.
Aiming: Quicksilver Bolt
Press: ? - help, Q - select action, (/) - cycle Shift-Dir - straight line, f/p - merfolk javelineer
Aim: a merfolk javelineer, wielding a +3 spear of venom, wearing a +0 leather armour and quivering javelins (severely wounded, 67% to hit)
The bolt of dispelling energy hits the merfolk javelineer!!
You kill the merfolk javelineer!
The drowned soul returns to the deep!
The merfolk avatar chants its luring song.
Aiming: Mindburst
Press: ? - help, Q - select action, (/) - cycle Shift-Dir - straight line, f - merfolk avatar
Aim: a merfolk avatar (water, mesmerising, chance to affect: 10%)
The merfolk avatar resists with almost no effort.
The now-empty wand crumbles to dust.
The merfolk avatar chants its luring song.
The drowned soul touches you. The drowned soul drowns you!
* * * LOW HITPOINT WARNING * * *
The drowned soul touches you. The drowned soul drowns you!
* * * LOW HITPOINT WARNING * * *
You feel better. The drowned soul touches you. The drowned soul drowns you!
You die...

...~W≈≈≈≈≈§§§##
....~~~P≈≈W≈≈§§§§☼.
....~~~~≈≈≈≈§§§§§§..
.~~~~~~~≈≈≈≈§§§☼§§.##
.~~~~P~≈≈≈§m§☼§§P§..#
~~~.§§~≈≈§§§☼☼☼§§§.....~~~~
~~~.§§~≈≈§§§§§☼P§§.##..~~~.
≈~~~~~~≈§§@§§§§§☼§##...~~..
≈≈~§§§☼§§☼§§§§§§§§....~~~~.
~~~§§§§§§☼§§§~~§§§..~.~~~~.
..~§§§§)☼§.......☼.....~~..
..~§§§§§§§~....~....~~~~..#
...§§§§§§§........~~~~~....
..?☼☼§☼§§§......~~~~..<.~~.
..~§§§§§§§###...#..~...~~~.
..~..~~...###..##....#..~~~


You could see a merfolk avatar (mesmerising).

Vanquished Creatures
  Rupert (Lair:4)
  A kraken (Shoals:1)
  Kirke (Shoals:2)
  Gastronok (Lair:3)
  8 nagarajas
  A deep elf sorcerer (Elf:1)
  A draconian knight (IceCv)
  Aizul (Snake:1)
  3 orc warlords (Orc:2)
  The ghost of superbruh the Bludgeoner, a journeyman TrBe of Trog (Lair:5)
  A deep elf demonologist (Elf:1)
  4 white draconians (IceCv)
  A merfolk javelineer (Shoals:3)
  An ettin (D:15)
  Fannar (D:12)
  3 merfolk impalers
  A salamander tyrant (Snake:4)
  5 hydras
  4 merfolk avatars
  An alligator snapping turtle (Shoals:2)
  A rakshasa (D:11)
  4 vault guards (D:14)
  3 two-headed ogres
  12 anacondas
  5 boulder beetles
  6 centaur warriors
  3 merfolk aquamancers
  A satyr (Shoals:3)
  7 dancing weapons (Elf:1)
  17 naga warriors
  2 tengu warriors (D:15)
  16 naga sharpshooters
  10 shock serpents
  A hell knight (Volcano)
  A deep elf knight (Elf:1)
  4 salamander mystics
  2 skysharks
  6 sea snakes
  A fire crab (Shoals:2)
  A deep troll (D:15)
  4 skeletal warriors
  3 lindwurms (Snake:4)
  8 naga ritualists
  Pikel (D:5)
  A wizard (D:15)
  11 mana vipers
  3 harpies (Shoals:2)
  7 deep elf zephyrmancers (Elf:1)
  A necromancer (D:15)
  An orange crystal statue (IceCv)
  12 deep elf pyromancers
  4 orc knights
  The ghost of Demosthentine the Ducker, a novice DsGl (D:5)
  15 orc sorcerers
  A wolf spider (D:15)
  6 fauns
  16 salamanders
  10 ugly things
  4 cyclopes
  A moth of wrath (shapeshifter) (D:14)
  30 elephants
  4 merfolk sirens (Shoals:2)
  35 black mambas
  10 manticores
  9 guardian serpents
  10 cane toads
  11 naga magi
  2 water nymphs
  A smoke demon (Volcano)
  7 storm dragon simulacra (IceCv)
  2 gargoyles
  5 rime drakes
  6 kobold demonologists
  2 yaktaurs (D:11)
  7 komodo dragons
  An unseen horror (D:11)
  2 efreet
  7 trolls
  4 golden dragon simulacra (IceCv)
  A polar bear (Lair:5)
  17 merfolk
  2 meliai
  A red devil (Volcano)
  2 wind drakes
  A wind drake (shapeshifter) (D:14)
  4 hornets (Lair:5)
  19 blink frogs
  8 dream sheep
  A slime creature (D:11)
  4 snapping turtles
  5 shadows
  Sigmund (D:6)
  A centaur simulacrum (D:11)
  12 spriggans (Lair:5)
  An air elemental (Elf:1)
  2 wyverns
  11 water elementals
  3 fire bats (Shoals:2)
  A vampire (D:10)
  4 hogs (Shoals:2)
  6 wraiths
  70 yaks
  Eustachio (D:6)
  4 basilisks
  2 fire elementals (Elf:1)
  A steam dragon (Lair:1)
  A redback (D:11)
  4 vampire mosquitoes
  51 nagas
  9 wargs (Orc:2)
  9 water moccasins
  4 acid dragons
  26 orc warriors
  A black bear (shapeshifter) (D:13)
  2 sky beasts (D:7)
  4 ice dragon simulacra (IceCv)
  4 black bears (Lair:5)
  2 ice beasts
  13 ogres
  2 boggarts (Lair:5)
  10 centaurs
  33 wolves
  2 phantoms
  A lemure (D:5)
  9 kobold brigands
  Blork the orc (D:6)
  15 bullfrogs
  2 earth elementals (Elf:1)
  2 gnoll sergeants (D:8)
  3 scorpions
  10 wights
  3 troll zombies (D:12)
  6 lindwurm simulacra (IceCv)
  2 howler monkeys
  4 crimson imps (D:3)
  3 jellies
  7 hounds
  8 orc priests
  A gnoll bouda (Orc:2)
  6 iguanas
  Ijyb (D:3)
  2 sleepcaps
  41 orc wizards
  3 ogre zombies (D:12)
  A mummy (D:5)
  Robin (D:3)
  11 adders
  8 gnolls
  2 shadow imps (D:6)
  3 white imps
  3 worms
  2 dart slugs
  87 orcs
  6 ball pythons
  4 endoplasms
  4 giant cockroaches
  21 goblins
  12 hobgoblins
  3 jackals (D:2)
  39 kobolds
  2 quokkas
  7 bats
  3 frilled lizards
  A goblin skeleton (D:12)
  4 goblin zombies (D:12)
  3 hobgoblin skeletons (D:12)
  2 hobgoblin zombies (D:12)
  3 orc skeletons (D:12)
  6 orc zombies (D:12)
  9 rats
  2 tentacles (Shoals:1)
1150 creatures vanquished.

Vanquished Creatures (collateral kills)
  A naga warrior (Snake:4)
1 creature vanquished.

Vanquished Creatures (others)
  A white draconian (IceCv)
  An alligator snapping turtle (Shoals:2)
  A cyclops (D:14)
  A slime creature (D:14)
  A warg (Orc:2)
  A water moccasin (Lair:4)
  An orc warrior (Orc:2)
  A boggart (Lair:5)
  A centaur (D:14)
  83 jellies
  An orc wizard (Orc:2)
  7 orcs (Orc:2)
  10 tentacles (Shoals:1)
110 creatures vanquished.

Grand Total: 1261 creatures vanquished

Notes
Turn   | Place    | Note
-------+----------+-------------------------------------------
     0 | D:1      | gelatine the Minotaur Fighter began the quest for the Orb.
     0 | D:1      | Reached XP level 1. HP: 19/19 MP: 0/0
   127 | D:1      | Reached XP level 2. HP: 27/27 MP: 1/1
   462 | D:1      | Reached XP level 3. HP: 33/33 MP: 2/2
  1170 | D:2      | Reached XP level 4. HP: 40/40 MP: 3/3
  1722 | D:3      | Noticed Ijyb
  1738 | D:3      | Killed Ijyb
  1739 | D:3      | Reached XP level 5. HP: 30/46 MP: 4/4
  1803 | D:3      | Found a faded altar of an unknown god.
  1884 | D:3      | Reached skill level 1 in Dodging
  2081 | D:3      | Found a shimmering altar of Xom.
  2089 | D:3      | Reached skill level 5 in Axes
  2165 | D:3      | Found a radiant altar of Vehumet.
  2165 | D:3      | Noticed Robin
  2185 | D:3      | Killed Robin
  2186 | D:3      | Reached XP level 6. HP: 12/52 MP: 5/5
  2587 | D:3      | Reached skill level 5 in Armour
  2944 | D:4      | Reached XP level 7. HP: 55/60 MP: 6/6
  3007 | D:4      | Reached skill level 5 in Shields
  3452 | D:5      | Entered Level 5 of the Dungeon
  3618 | D:5      | Found a runed translucent gate.
  3618 | D:5      | Noticed Demosthentine's ghost (novice DsGl)
  3619 | D:5      | Found a runed translucent gate.
  3620 | D:5      | Found a runed translucent gate.
  3621 | D:5      | Identified the +4 hand axe of the Eight Beds {venom, rPois
                  | Int-2 Dex+4 Stlth-}
  3678 | D:5      | Found a hazy altar of Hepliaklqana.
  3679 | D:5      | Noticed Pikel
  3701 | D:5      | Killed Pikel
  3702 | D:5      | Reached skill level 5 in Fighting
  3702 | D:5      | Reached XP level 8. HP: 64/69 MP: 7/7
  3812 | D:5      | Found an ancient bone altar of Kikubaaqudgha.
  4055 | D:5      | Found a snail-covered altar of Cheibriados.
  4677 | D:6      | Noticed Blork the orc
  4683 | D:6      | Killed Blork the orc
  4738 | D:6      | Noticed Sigmund
  4751 | D:6      | Killed Sigmund
  4762 | D:6      | Reached XP level 9. HP: 25/75 MP: 8/8
  4927 | D:6      | Noticed Eustachio
  4945 | D:6      | Killed Eustachio
  5119 | D:6      | Reached skill level 10 in Axes
  5157 | D:6      | Found a hide-covered altar of Uskayaw.
  6124 | D:7      | Found a staircase to the Ecumenical Temple.
  6144 | Temple   | Entered the Ecumenical Temple
  6673 | D:7      | Reached skill level 5 in Dodging
  6781 | D:7      | Reached XP level 10. HP: 88/88 MP: 9/9
  6907 | D:7      | Found a white marble altar of Elyvilon.
  6909 | D:7      | Found a shadowy altar of Dithmenos.
  7124 | D:8      | Noticed a gargoyle
  7127 | D:8      | Noticed a boulder beetle
  7128 | D:8      | Noticed a gargoyle
  7128 | D:8      | Noticed a centaur warrior
  7128 | D:8      | Noticed Joseph
  7128 | D:8      | Noticed Grum
  7129 | D:8      | Noticed a red ugly thing
  7129 | D:8      | Noticed a cyclops
  7941 | D:8      | Found a staircase to the Lair.
  8194 | D:9      | Noticed a two-headed ogre
  8208 | D:9      | Killed a two-headed ogre
  8610 | D:9      | Found Sozin's Book Boutique.
  8653 | D:9      | Identified the +0 hand axe of Defiance {heavy, rElec rF+}
  8726 | D:9      | Found a stormy altar of Qazlal.
  9001 | Lair:1   | Entered Level 1 of the Lair of Beasts
  9075 | Lair:1   | Noticed an elephant
  9076 | Lair:1   | Noticed an elephant
  9077 | Lair:1   | Noticed an elephant
  9079 | Lair:1   | Noticed an elephant
  9082 | Lair:1   | Noticed an elephant
  9087 | Lair:1   | Killed an elephant
  9088 | Lair:1   | Reached XP level 11. HP: 81/97 MP: 10/10
  9106 | Lair:1   | Identified the +0 scale mail of the Mind {Dex+4}
  9829 | Lair:1   | Reached skill level 10 in Fighting
  9906 | Lair:1   | Identified a scroll of acquirement
  9910 | Lair:1   | Acquired 1232 gold pieces
 10392 | Lair:2   | Reached skill level 15 in Axes
 10525 | Lair:2   | Reached skill level 10 in Armour
 10623 | Lair:2   | Reached skill level 1 in Throwing
 10623 | Lair:2   | Reached XP level 12. HP: 108/108 MP: 11/11
 10712 | Lair:2   | Reached skill level 1 in Evocations
 10744 | Lair:2   | HP: 2/110 [blink frog (12)]
 10986 | Lair:2   | Found a staircase to the Snake Pit.
 11062 | Lair:2   | Found a staircase to the Shoals.
 11731 | Lair:3   | Identified the +4 leather armour of the Griffon {Harm
                  | Dex+3}
 11745 | Lair:3   | Reached skill level 1 in Stealth
 11864 | Lair:3   | Noticed Gastronok
 11883 | Lair:3   | Killed Gastronok
 12286 | Lair:3   | Found an opulent altar of Gozag.
 13042 | Lair:4   | Reached skill level 10 in Shields
 13045 | Lair:4   | Reached XP level 13. HP: 102/117 MP: 12/12
 13293 | Lair:4   | Noticed Rupert
 13462 | D:10     | Entered Level 10 of the Dungeon
 13803 | D:10     | Reached skill level 5 in Throwing
 15150 | D:11     | Identified the +4 mace "Starlight" {heavy, Int+4 SInv}
 15152 | D:11     | Identified the staff "Fiucef" {rC+ rN+ Int+2 Necro}
 15490 | D:11     | Found an iron altar of Okawaru.
 15724 | D:12     | Found a staircase to the Orcish Mines.
 15905 | D:12     | Noticed Fannar
 15922 | D:12     | Killed Fannar
 16764 | Lair:4   | Found a viscous altar of Jiyva.
 16765 | Lair:4   | Found a staircase to the Slime Pits.
 16772 | Lair:4   | Became a worshipper of Jiyva Jopsipt the Shapeless
 16862 | Lair:4   | Reached XP level 14. HP: 117/129 MP: 13/13
 17022 | Lair:4   | Reached * piety under Jiyva
 17052 | Lair:4   | Killed Rupert
 17370 | Lair:5   | Entered Level 5 of the Lair of Beasts
 17544 | Lair:5   | Found a runed translucent door.
 17547 | Lair:5   | Noticed superbruh's ghost (journeyman TrBe)
 17567 | Lair:5   | Killed superbruh's ghost
 17720 | Lair:5   | Reached skill level 5 in Evocations
 17759 | Lair:5   | Reached ** piety under Jiyva
 17952 | Lair:5   | Reached skill level 10 in Dodging
 17988 | Lair:5   | Identified the ring "Usimu" {rC+ rCorr}
 18636 | Snake:1  | Entered Level 1 of the Snake Pit
 18778 | Snake:1  | Reached *** piety under Jiyva
 18778 | Snake:1  | Gained mutation: You have a small jelly attached to you
                  | that may absorb projectiles. [Jiyva's grace]
 18778 | Snake:1  | Gained mutation: Your muscles are strong. (Str +4, Int/Dex
                  | -1) [Jiyva's grace]
 18778 | Snake:1  | Gained mutation: Your muscles are very strong. (Str +8,
                  | Int/Dex -2) [Jiyva's grace]
 18778 | Snake:1  | Gained mutation: Your body has grown eyes which may confuse
                  | attackers. (Acc +3) [Jiyva's grace]
 18857 | Snake:1  | Reached XP level 15. HP: 133/139 MP: 14/14
 18938 | Snake:1  | Reached skill level 15 in Fighting
 19026 | Snake:1  | Found Ecsi Sel's Jewellery Emporium.
 19027 | Snake:1  | Found Fesezifo's Book Shop.
 19027 | Snake:1  | Found Ohoale's Book Shop.
 19050 | Snake:1  | Reached **** piety under Jiyva
 19173 | Snake:1  | Noticed Aizul
 19200 | Snake:1  | Killed Aizul
 19243 | Snake:1  | Found Gull's Antique Weapon Boutique.
 19413 | Snake:2  | Found Hebbure's General Store.
 19414 | Snake:2  | Noticed a nagaraja
 19432 | Snake:2  | Killed a nagaraja
 19436 | Snake:2  | Found Rabeer's Specific Store.
 19470 | Snake:2  | Bought a scroll of enchant armour for 135 gold pieces
 19489 | Snake:2  | Noticed a nagaraja
 19602 | Snake:2  | Killed a nagaraja
 19712 | Snake:2  | Found Olerijiu's Armour Shop.
 19890 | Snake:2  | Noticed a nagaraja
 19901 | Snake:2  | Killed a nagaraja
 20324 | D:13     | Lost mutation: Your body has grown eyes which may confuse
                  | attackers. (Acc +3) [Jiyva's grace]
 20324 | D:13     | Gained mutation: You have sharp toenails. [Jiyva's grace]
 20324 | D:13     | Gained mutation: You have razor-sharp toenails. [Jiyva's
                  | grace]
 20324 | D:13     | Gained mutation: You have claws for feet. [Jiyva's grace]
 20324 | D:13     | Gained mutation: Your mind is acute. (Int +4, Str/Dex -1)
                  | [Jiyva's grace]
 20428 | D:13     | Reached ***** piety under Jiyva
 20642 | D:13     | Lost mutation: Your muscles are very strong. (Str +8,
                  | Int/Dex -2) [potion of mutation]
 20642 | D:13     | Lost mutation: Your mind is acute. (Int +4, Str/Dex -1)
                  | [potion of mutation]
 20642 | D:13     | Lost mutation: Your muscles are strong. (Str +4, Int/Dex
                  | -1) [potion of mutation]
 20642 | D:13     | Gained mutation: You are clumsy. (Dex -2) [potion of
                  | mutation]
 20642 | D:13     | Lost mutation: You are clumsy. (Dex -2) [potion of
                  | mutation]
 20642 | D:13     | Lost mutation: You have a small jelly attached to you that
                  | may absorb projectiles. [potion of mutation]
 20643 | D:13     | Lost mutation: You have claws for feet. [potion of
                  | mutation]
 20643 | D:13     | Lost mutation: You have razor-sharp toenails. [potion of
                  | mutation]
 20643 | D:13     | Lost mutation: You have sharp toenails. [potion of
                  | mutation]
 20643 | D:13     | Gained mutation: You have an increased reservoir of magic.
                  | (+10% MP) [potion of mutation]
 20643 | D:13     | Gained mutation: Your system is resistant to poisons.
                  | (rPois) [potion of mutation]
 20644 | D:13     | Lost mutation: Your system is resistant to poisons. (rPois)
                  | [potion of mutation]
 20644 | D:13     | Lost mutation: You have an increased reservoir of magic.
                  | (+10% MP) [potion of mutation]
 20644 | D:13     | Gained mutation: Your body sometimes deteriorates upon
                  | taking damage. [potion of mutation]
 20644 | D:13     | Gained mutation: Armour fits poorly on your strangely
                  | shaped body. [potion of mutation]
 20645 | D:13     | Lost mutation: Your body sometimes deteriorates upon taking
                  | damage. [potion of mutation]
 20645 | D:13     | Lost mutation: Armour fits poorly on your strangely shaped
                  | body. [potion of mutation]
 20645 | D:13     | Gained mutation: Your mind is acute. (Int +4, Str/Dex -1)
                  | [potion of mutation]
 20645 | D:13     | Gained mutation: Potions are less effective at restoring
                  | your health. [potion of mutation]
 20645 | D:13     | Gained mutation: You occasionally lose the ability to read
                  | scrolls when taking damage. [potion of mutation]
 20646 | D:13     | Lost mutation: Your mind is acute. (Int +4, Str/Dex -1)
                  | [potion of mutation]
 20646 | D:13     | Lost mutation: You occasionally lose the ability to read
                  | scrolls when taking damage. [potion of mutation]
 20646 | D:13     | Lost mutation: Potions are less effective at restoring your
                  | health. [potion of mutation]
 20646 | D:13     | Gained mutation: You sometimes lose your temper in combat.
                  | [potion of mutation]
 21047 | D:14     | Found a gate to the Vaults.
 21580 | D:15     | Entered Level 15 of the Dungeon
 21726 | D:15     | Reached skill level 15 in Shields
 21763 | D:15     | Reached XP level 16. HP: 148/149 MP: 15/15
 21820 | D:15     | Found an ornate altar of the Wu Jian Council.
 21848 | D:15     | Found a portal to a secret trove of treasure.
 21881 | D:15     | Paralysed by an orc sorcerer for 3 turns
 22001 | D:15     | Lost mutation: You sometimes lose your temper in combat.
                  | [Jiyva's grace]
 22001 | D:15     | Gained mutation: Your natural rate of healing is unusually
                  | fast. [Jiyva's grace]
 22001 | D:15     | Gained mutation: You heal very quickly. [Jiyva's grace]
 22001 | D:15     | Gained mutation: You regenerate. [Jiyva's grace]
 22001 | D:15     | Gained mutation: You have a small jelly attached to you
                  | that may absorb projectiles. [Jiyva's grace]
 22011 | D:15     | Identified the +2 robe "Xoca" {SInv}
 22077 | D:15     | Reached ****** piety under Jiyva
 22353 | D:15     | Found a staircase to the Depths.
 22813 | D:5      | Killed Demosthentine's ghost
 23593 | Slime:1  | Entered Level 1 of the Pits of Slime
 23705 | Slime:1  | Noticed an acid blob
 23730 | Slime:1  | Noticed an acid blob
 23765 | Slime:1  | Noticed an acid blob
 23900 | Slime:1  | Noticed an acid blob
 24101 | Slime:2  | Noticed an acid blob
 24101 | Slime:2  | Noticed Dissolution
 24102 | Slime:2  | Noticed an acid blob
 24103 | Slime:2  | Noticed an acid blob
 24238 | Slime:2  | Noticed an acid blob
 24343 | Slime:3  | Noticed an acid blob
 24545 | Slime:4  | Noticed an acid blob
 24551 | Slime:4  | Noticed an acid blob
 24584 | Slime:4  | Noticed an acid blob
 24635 | Slime:4  | Noticed an acid blob
 24762 | Slime:5  | Entered Level 5 of the Pits of Slime
 24776 | Slime:5  | Found a viscous altar of Jiyva.
 24782 | Slime:5  | Got A Beginning Course on the Power of Words
 24782 | Slime:5  | Noticed the Royal Jelly
 24784 | Slime:5  | Identified the ring of Sukoijil {rF- EV+5 Dex+4}
 24785 | Slime:5  | Noticed an acid blob
 24786 | Slime:5  | Noticed an acid blob
 24788 | Slime:5  | Identified the staff "Uvuh" {Will- rCorr SInv Conj}
 24796 | Slime:5  | Identified the +0 ring mail "Beplydgh" {Str+3}
 24806 | Slime:5  | Got a slimy rune of Zot
 24808 | Slime:5  | Got Rahir's Secrets of the Mob and Bewitchment
 24816 | Slime:5  | Identified the +0 ring mail of Sadwoviura {rPois Stlth+}
 24819 | Slime:5  | Identified the ring of Ysam {rF+ rC+ Will+}
 24831 | Slime:5  | Identified the staff "Onnyunuw" {rPois rF- rN+++ Will++
                  | Earth}
 24847 | Slime:5  | Noticed an acid blob
 24864 | Slime:5  | Noticed an acid blob
 24867 | Slime:5  | Noticed an acid blob
 24893 | Slime:5  | Noticed an acid blob
 24902 | Slime:5  | Noticed an acid blob
 24928 | Slime:5  | Noticed an acid blob
 24934 | Slime:5  | Noticed an acid blob
 25983 | Snake:3  | Gained mutation: You are agile. (Dex +4, Str/Int -1)
                  | [Jiyva's grace]
 25983 | Snake:3  | Gained mutation: You are very agile. (Dex +8, Str/Int -2)
                  | [Jiyva's grace]
 25983 | Snake:3  | Gained mutation: You have acidic saliva. [Jiyva's grace]
 25983 | Snake:3  | Gained mutation: Your melee attacks may engulf your foes in
                  | ooze. [Jiyva's grace]
 26421 | Snake:4  | Entered Level 4 of the Snake Pit
 26457 | Snake:4  | Acquired 619 gold pieces
 26570 | Snake:4  | Identified the ring "Nucwuy" {*Slow rElec rPois MP+9 Str+7}
 26700 | Snake:4  | Found Laor's Jewellery Boutique.
 26799 | Snake:4  | Found a frozen archway.
 26809 | IceCv    | Entered an ice cave
 27144 | IceCv    | Identified the amulet of the Delightful God {RegenMP rC+
                  | rCorr}
 27155 | IceCv    | Identified the amulet of Zejeir {Acrobat Str+3 Int-4
                  | Stlth+}
 27570 | Snake:4  | Reached XP level 17. HP: 109/163 MP: 16/16
 28251 | Snake:4  | Got a serpentine rune of Zot
 28462 | Snake:2  | Learned a level 4 spell: Passage of Golubria
 28522 | Shoals:1 | Entered Level 1 of the Shoals
 28717 | Shoals:1 | Found a flickering gateway to a bazaar.
 28726 | Bazaar   | Entered a bazaar
 28753 | Bazaar   | Found Jeckoi's Armour Emporium.
 28769 | Bazaar   | Found Sideigol's Assorted Antiques.
 28769 | Bazaar   | Found Huted's Antique Armour Emporium.
 28780 | Bazaar   | Bought a scroll of teleportation for 63 gold pieces
 28780 | Bazaar   | Bought a pair of runed boots for 157 gold pieces
 28780 | Bazaar   | Bought a potion of enlightenment for 105 gold pieces
 28859 | Bazaar   | Bought the +3 tower shield of the Loving Gods {Int+4} for
                  | 523 gold pieces
 29140 | Shoals:1 | Lost mutation: You regenerate. [Jiyva's grace]
 29140 | Shoals:1 | Gained mutation: Your mind is acute. (Int +4, Str/Dex -1)
                  | [Jiyva's grace]
 29140 | Shoals:1 | Gained mutation: Your mind is very acute. (Int +8, Str/Dex
                  | -2) [Jiyva's grace]
 29140 | Shoals:1 | Gained mutation: You are somewhat resistant to further
                  | mutation. [Jiyva's grace]
 29140 | Shoals:1 | Gained mutation: You are somewhat resistant to both further
                  | mutation and mutation removal. [Jiyva's grace]
 29319 | Shoals:1 | Noticed a kraken
 29339 | Shoals:1 | Killed a kraken
 29577 | Orc:1    | Entered Level 1 of the Orcish Mines
 29966 | Orc:2    | Entered Level 2 of the Orcish Mines
 29995 | Orc:2    | Found a dark tunnel.
 30000 | Volcano  | Entered a volcano
 30482 | Orc:2    | Found Coephoup's Book Shop.
 30482 | Orc:2    | Found Nadgh's General Store.
 30487 | Orc:2    | Reached skill level 1 in Spellcasting
 30498 | Orc:2    | Reached skill level 1 in Translocations
 30602 | Orc:2    | Found Abesiv's Antique Armour Shop.
 30602 | Orc:2    | Found Tugig's Book Shoppe.
 30946 | Orc:2    | Identified the staff "Aloal" {rPois rN+ Str+4 Int+2 Necro}
 30949 | Orc:2    | Identified the ring of Ymoit {MP+9 Int+5}
 30991 | Orc:2    | Identified the ring "Pet Cibo" {rC++ AC+4 Int-5 Dex+4}
 31027 | Orc:2    | Found a staircase to the Elven Halls.
 31128 | Orc:2    | Lost mutation: You heal very quickly. [Jiyva's grace]
 31128 | Orc:2    | Lost mutation: You have a small jelly attached to you that
                  | may absorb projectiles. [Jiyva's grace]
 31128 | Orc:2    | Lost mutation: You are somewhat resistant to both further
                  | mutation and mutation removal. [Jiyva's grace]
 31128 | Orc:2    | Lost mutation: You are somewhat resistant to further
                  | mutation. [Jiyva's grace]
 31128 | Orc:2    | Gained mutation: You have hidden genetic potential.
                  | [Jiyva's grace]
 31128 | Orc:2    | Gained mutation: You have great hidden genetic potential.
                  | [Jiyva's grace]
 31128 | Orc:2    | Gained mutation: Your body has grown eyes which may confuse
                  | attackers. (Acc +3) [Jiyva's grace]
 31128 | Orc:2    | Gained mutation: Your body has grown many eyes which may
                  | confuse attackers. (Acc +5) [Jiyva's grace]
 31176 | Elf:1    | Entered Level 1 of the Elven Halls
 31418 | Elf:1    | Paralysed by an air elemental for 1 turns
 31420 | Elf:1    | Paralysed by an air elemental for 1 turns
 31478 | Elf:1    | Reached skill level 15 in Armour
 31493 | Elf:1    | Reached XP level 18. HP: 166/174 MP: 19/19
 31832 | Elf:1    | Found Dabbiffie's Weapon Boutique.
 32132 | Elf:1    | Upgraded the game from 0.31-a0-182-gc5ef74bbde to
                  | 0.31-a0-187-gba352fbbf7
 32719 | Shoals:2 | Lost mutation: You are very agile. (Dex +8, Str/Int -2)
                  | [Jiyva's grace]
 32719 | Shoals:2 | Lost mutation: You are agile. (Dex +4, Str/Int -1) [Jiyva's
                  | grace]
 32719 | Shoals:2 | Lost mutation: Your body has grown many eyes which may
                  | confuse attackers. (Acc +5) [Jiyva's grace]
 32719 | Shoals:2 | Gained mutation: You heal very quickly. [Jiyva's grace]
 32719 | Shoals:2 | Gained mutation: You regenerate. [Jiyva's grace]
 32719 | Shoals:2 | Gained mutation: Armour fits poorly on your pseudopods.
                  | [Jiyva's grace]
 32719 | Shoals:2 | Gained mutation: Armour fits poorly on your large
                  | pseudopods. [Jiyva's grace]
 32778 | Shoals:2 | Noticed Kirke
 32796 | Shoals:2 | Paralysed by a sphinx for 5 turns
 32802 | Shoals:2 | Killed Kirke
 33110 | Shoals:2 | Found Utsikhimp's Book Shoppe.
 33259 | Shoals:3 | HP: 8/176 [merfolk javelineer/javelin (8)]
 33264 | Shoals:3 | HP: 1/176 [drowned by a drowned soul[a merfolk avatar]
                  | (16)]
 33265 | Shoals:3 | Drowned by a drowned soul

Illustrated notes

Levels and vault maps discovered:
D:1:      spicycebolla_green_bress_n_ham, layout_loops_ring, minivault_5
D:2:      layout_loops_ring
D:3:      layout_loops_corners, led_xom_imps, nicolae_vehumet_radiance,
          dreamdust_ecumenical_altar_statues, uniq_robin, uniq_ijyb
D:4:      layout_gridville
D:5:      layout_basic, slow_altar_1, mainiacjoe_overflow_concentric_impassable,
          mainiacjoe_overflow_alcove_2, biasface_ghost_orc_armoury,
          minmay_tree_intersection, serial_bayou_pond_d, uniq_pikel
D:6:      layout_basic, nicolae_uskayaw_murder_on_the_dancefloor, hex_large,
          uniq_eustachio, uniq_blork_the_orc, uniq_sigmund
D:7:      layout_gridville, chequers_temple_overflow_statue_of_worship,
          minmay_temple_entry_junction_2
D:8:      layout_loops_ring, grunt_lair_entry_orc_guard_hut, minivault_12,
          uniq_joseph, uniq_grum
D:9:      layout_long_grid, nicolae_qazlal_style_of_elements, serial_shops, shop
D:10:     layout_roguey
D:11:     minmay_the_grid_square_5x5_4x4
          [minmay_the_grid_square_5x5_tetrominoes,
          minmay_the_grid_square_5x5_checkered,
          minmay_the_grid_square_5x5_intrusive_squares,
          minmay_the_grid_square_5x5_two_walls_a,
          minmay_the_grid_square_5x5_trominoes,
          minmay_the_grid_square_5x5_prize_deathbox,
          minmay_the_grid_square_5x5_prize_snowflake,
          minmay_the_grid_square_5x5_bite,
          minmay_the_grid_square_5x5_misaligned,
          minmay_the_grid_square_5x5_prize_pseudospiral,
          minmay_the_grid_square_5x5_prize_open,
          minmay_the_grid_square_5x5_fat_x, minmay_the_grid_square_5x5_six,
          minmay_the_grid_square_5x5_hourglass,
          minmay_the_grid_square_5x5_almost_minimal,
          minmay_the_grid_square_5x5_mess], layout_loops_cross, minivault_23,
          okawaru_altar_gauntlet_db
D:12:     layout_loops_ring, zombieorc1_lemuel, chequers_serial_rivers_micro_c,
          uniq_fannar
D:13:     layout_roguey, lemuel_flamethrower_1
D:14:     layout_small_grid, lightli_vaults_fourway_checkpoint
D:15:     hangedman_depths_entry_civil_slaughter, layout_stronghold,
          serial_glass, glass_columns_a, glass_columns_c,
          nicolae_trove_entry_free_sample, nzn_wu_jian_contemplation
Temple:   nicolae_temple_god_jail
Lair:1:   layout_gridlike
Lair:2:   layout_regular_city, nicolae_shoals_entry_flooding, dummy_snake_entry
Lair:3:   layout_chaotic_city, lemuel_centaur_altar, uniq_gastronok
Lair:4:   layout_cave_pods, slime_entry_1, uniq_rupert
Lair:5:   minmay_lair_end_enchanted_forest, layout_loops_ring,
          ebering_ghost_reflecting_pool, lemuel_fruit_tree
Shoals:1: layout_shoals, serial_shops, bzr_in_the_mist
Shoals:2: cheibrodos_shoals_baths, layout_shoals, serial_shops,
          nicolae_book_shop_shelving, hangedman_shoal_volcano, uniq_kirke
Shoals:3: layout_shoals, nicolae_shoals_hidden_pirate_stash
Snake:1:  nicolae_snakescales, layout_onion, serial_shops, shop,
          minmay_shop_grove, uniq_aizul
Snake:2:  layout_rooms, serial_shops, shop_statue, nicolae_specific_store,
          nicolae_snake_double_loop
Snake:3:  layout_chambers, nicolae_snake_guarding_the_ruins, grunt_megastairs_3
Snake:4:  snake_pit_salamanders_mu, layout_misc_corridors,
          portal_ice_cave_entry_pillars_2, serial_shops, shop,
          grunt_megastairs_5
Slime:1:  nicolae_slime_pool, layout_caves
Slime:2:  layout_caves, uniq_dissolution
Slime:3:  layout_caves
Slime:4:  layout_caves
Slime:5
Orc:1:    layout_diamond_mine
Orc:2:    st_orc_town, layout_caves, enter_volcano_4, minmay_orc_treasury
Elf:1:    minmay_elf_arrival_summoners, layout_loops_corners, serial_shops,
          shop, hangedman_elf_represent

Skill      XL: |  1  2  3  4  5  6  7  8  9 10 11 12 13 14 15 16 17 18 |
---------------+-------------------------------------------------------+-----
Shields        | 4 5 6 8 9 10 11 13 15 17 18 19 | 19.3
Armour         | 4 5 6 7 8 9 10 11 12 13 14 15 | 15.4
Fighting       | 4 5 6 7 9 10 11 13 14 16 17 18 19 | 19.3
Axes           | 3 4 5 6 8 9 11 13 15 16 | 16.6
Dodging        | 1 2 3 4 5 6 7 9 10 12 13 14 | 14.8
Throwing       | 1 4 6 7 8 |  8.5
Evocations     | 3 4 5 6 |  6.0
Stealth        | 1 2 3 |  3.5
Spellcasting   | 1 2 |  2.4
Translocations | 1 2 |  2.8

Action                     |  1- 3 |  4- 6 |  7- 9 | 10-12 | 13-15 | 16-18 || total
---------------------------+-------+-------+-------+-------+-------+-------++-------
  Melee: War axe           |    75 |   113 |   254 |   409 |   984 |  1256 ||  3091
         Headbutt          |     8 |    18 |    38 |    86 |   224 |   296 ||   670
         Kick              |       |       |       |       |     2 |       ||     2
         Bite              |       |       |       |       |       |   159 ||   159
         Pseudopods        |       |       |       |       |       |    24 ||    24
         Unarmed           |       |       |       |       |       |     3 ||     3
  Throw: Throwing net      |       |       |     1 |     1 |       |       ||     2
         Javelin           |       |       |       |     8 |       |       ||     8
         Dart              |       |       |       |     2 |       |       ||     2
         Boomerang         |       |       |       |    61 |    63 |   159 ||   283
  Evoke: Wand              |       |       |     1 |       |       |     4 ||     5
         Lightning rod     |       |       |       |       |     8 |     6 ||    14
         Tin of tremorston |       |       |       |       |       |     1 ||     1
    Use: Potion            |       |     2 |     1 |     3 |    10 |     7 ||    23
         Scroll            |       |       |     8 |    20 |    11 |    12 ||    51
   Stab: Sleeping          |       |       |       |       |     2 |     5 ||     7
         Distracted        |       |       |       |       |     1 |       ||     1
         Confused          |       |       |       |       |     2 |     7 ||     9
 Armour: Scale mail        |    24 |    31 |       |       |       |       ||    55
         Plate armour      |       |    52 |    28 |       |       |       ||    80
         Chain mail        |       |       |    73 |       |       |       ||    73
         Leather armour    |       |       |    22 |   147 |     9 |       ||   178
         Troll leather arm |       |       |       |       |   300 |   255 ||   555
  Dodge: Dodged            |    37 |    47 |   103 |   222 |   387 |   469 ||  1265
  Block: Buckler           |    18 |    36 |    57 |   145 |    17 |       ||   273
         Kite shield       |       |       |       |       |   590 |   405 ||   995
         Tower shield      |       |       |       |       |       |   797 ||   797

Table legend: (Time is in decaauts)
 A = Elapsed time spent in this place.
 B = Non-inter-level travel time spent in this place.
 C = Inter-level travel time spent in this place.
 D = Time resting spent in this place.
 E = Time spent auto-exploring this place.
 F = Levels seen in this place.
 G = Mean time per level.
                   A        B        C        D        E       F      G
               +--------+--------+--------+--------+--------+-----+--------+
         Total |  32981 |  29420 |   3561 |      0 |  21830 |  39 |  845.7 |
       Dungeon |  15573 |  13577 |   1996 |      0 |  10513 |  15 | 1038.2 |
        Temple |    265 |    265 |      0 |      0 |    243 |   1 |  265.0 |
          Lair |   6652 |   5905 |    747 |      0 |   4748 |   5 | 1330.4 |
        Shoals |   1536 |   1435 |    101 |      0 |    795 |   3 |  512.0 |
     Snake Pit |   4134 |   3680 |    454 |      0 |   2335 |   4 | 1033.5 |
    Slime Pits |   1529 |   1424 |    105 |      0 |   1315 |   5 |  305.8 |
  Orcish Mines |   1441 |   1317 |    124 |      0 |    883 |   2 |  720.5 |
   Elven Halls |    963 |    931 |     32 |      0 |    673 |   1 |  963.0 |
        Bazaar |    263 |    263 |      0 |      0 |     66 |   1 |  263.0 |
      Ice Cave |    440 |    440 |      0 |      0 |    172 |   1 |  440.0 |
       Volcano |    180 |    180 |      0 |      0 |     87 |   1 |  180.0 |
               +--------+--------+--------+--------+--------+-----+--------+

Top non-repeatable levels by time:
     D:6: 1642 daAuts
  Lair:2: 1606 daAuts
 Snake:4: 1432 daAuts
  Lair:1: 1394 daAuts
  Lair:3: 1388 daAuts
     D:8: 1329 daAuts
    D:11: 1297 daAuts
     D:5: 1256 daAuts
 Snake:3: 1193 daAuts
  Lair:5: 1183 daAuts
     D:3: 1169 daAuts
  Lair:4: 1079 daAuts
   Orc:2: 1051 daAuts
     D:9: 1028 daAuts
    D:10: 1026 daAuts
